AoeStats
← Sok

Black Forest

503712889Analyzed
3v3 RM · 1mo ago on Sep 1, 2026· 54m 8s· 6 players
Game mode
Random Map
Map size
Normal (6 player)
Population
200
Speed
Normal
Resources
Standard
Victory
Conquest
Starting age
Dark Age
Ending age
Imperial Age
RankedLock teamsTeams togetherTeam positionsShared explorationLock speedFull tech treeHidden civsTurbo modeCheats
Victory
Defeat
🇺🇸 Lithuanians · United States
800
+12
🇲🇽 Gurjaras · Mexico
798
+12
🇫🇷 Teutons · France
768
+13
🇨🇱 Khmer · Chile
764
-39
🇨🇱 Goths · Chile
710
-22
🇨🇱 Britons · Chile
646
-10
orion.chevalier
9:49 Loom
12:50 Feudal Age
13:38 Double-Bit Axe
17:54 Castle Age
16:12 Horse Collar
17:18 Fishing Lines
19:09 Bow Saw
19:42 Gold Mining
22:36 Wheelbarrow
24:24 Gillnets
30:56 Imperial Age
30:26 Thumb Ring
30:32 Heavy Plow
33:55 Gold Shaft Mining
33:12 Fletching
32:49 Elite Elephant Archer
34:21 Ballistics
34:10 Scale Barding Armor
35:35 Kshatriyas
36:36 Chain Barding Armor
37:45 Chemistry
37:50 Crop Rotation
40:22 Conscription
40:57 Plate Barding Armor
41:00 Hand Cart
41:49 Hoardings
42:26 Stone Mining
42:33 Bodkin Arrow
42:14 Onager
44:30 Masonry
45:18 Elite Skirmisher
53:19 Bloodlines
53:10 Husbandry
CRUSADER
0:34 Loom
16:35 Feudal Age
23:44 Castle Age
31:00 Town Watch
32:14 Horse Collar
35:51 Imperial Age
33:38 Gold Mining
34:40 Double-Bit Axe
36:16 Padded Archer Armor
36:08 Fletching
37:49 Stone Mining
38:09 Heavy Plow
39:33 Conscription
40:10 Scale Barding Armor
40:17 Forging
41:31 Stone Shaft Mining
41:23 Masonry
41:40 Chain Barding Armor
41:06 Cavalier
41:58 Bloodlines
43:25 Chemistry
42:47 Ballistics
43:05 Iron Casting
43:41 Hoardings
43:39 Paladin
45:32 Crenellations
47:29 Crop Rotation
49:20 Wheelbarrow
50:16 Plate Barding Armor
Bruin878
0:49 Loom
15:27 Feudal Age
18:08 Horse Collar
20:56 Castle Age
20:25 Wheelbarrow
20:46 Stone Mining
20:47 Gold Mining
20:51 Double-Bit Axe
23:34 Heavy Plow
23:49 Bow Saw
24:56 Hand Cart
32:15 Imperial Age
29:33 Town Watch
31:06 Scale Barding Armor
31:02 Scale Mail Armor
31:12 Forging
31:06 Caravan
32:12 Chain Barding Armor
34:06 Iron Casting
35:21 Plate Barding Armor
35:15 Bloodlines
34:27 Light Cavalry
35:08 Husbandry
34:33 Cavalier
35:37 Conscription
35:21 Tower Shields
36:20 Winged Hussar
37:22 Chain Mail Armor
38:27 Crop Rotation
39:00 Two-Man Saw
37:30 Paladin
40:28 Ballistics
40:02 Fletching
40:12 Padded Archer Armor
42:40 Arson
42:56 Squires
42:19 Pikeman
43:42 Halberdier
52:02 Hoardings
50:48 Elite Leitis
51:29 Hill Forts
53:22 Chemistry
52:31 Thumb Ring
51:49 Elite Skirmisher
Sanzana1
10:31 Feudal Age
10:57 Double-Bit Axe
10:53 Horse Collar
11:52 Wheelbarrow
14:54 Gold Mining
14:56 Stone Mining
14:56 Loom
22:38 Castle Age
23:38 Hand Cart
23:59 Gold Shaft Mining
23:26 Heavy Plow
23:54 Bow Saw
29:38 Ballistics
29:29 Masonry
32:42 Imperial Age
30:16 Padded Archer Armor
30:06 Fletching
31:20 Leather Archer Armor
30:55 Fletching
31:49 Yeomen
31:40 Crossbowman
32:44 Elite Longbowman
34:38 Warwolf
34:39 Onager
34:47 Arbalester
38:20 Chemistry
37:56 Ring Archer Armor
37:21 Bodkin Arrow
39:52 Architecture
39:26 Bracer
39:37 Onager
39:41 Heavy Scorpion
Seba013009
8:53 Loom
15:09 Feudal Age
16:04 Double-Bit Axe
16:08 Horse Collar
19:29 Wheelbarrow
21:39 Town Watch
22:47 Gold Mining
26:32 Castle Age
26:05 Forging
25:56 Scale Mail Armor
26:01 Scale Barding Armor
28:45 Man-at-Arms
29:38 Long Swordsman
32:11 Iron Casting
31:52 Chain Mail Armor
31:57 Chain Barding Armor
33:03 Squires
35:21 Hand Cart
36:14 Heavy Plow
36:25 Bow Saw
38:15 Anarchy
38:29 Stone Mining
41:19 Town Patrol
Sok
13:08 Feudal Age
17:34 Wheelbarrow
16:53 Double-Bit Axe
16:51 Horse Collar
20:47 Castle Age
23:13 Heavy Plow
23:27 Bow Saw
23:13 Gold Mining
24:13 Hand Cart
28:16 Ballistics
28:06 Scale Barding Armor
29:44 Forging
29:54 Chain Barding Armor
34:01 Gold Shaft Mining
37:20 Imperial Age
38:12 Double Crossbow
38:23 Double Crossbow
40:11 Chemistry
40:22 Heavy Scorpion
43:10 Elite Ballista Elephant
Connection lost

Rejoining the realm…

Still unreachable

The connection could not be restored.

Session expired

The server has moved on; the page needs a fresh start.